 Dungeon Crawl Stone Soup version 0.20-a0-556-g892c87b (webtiles) character file.

924012 esc the Archmage (level 27, -1/175 HPs)
             Began as a Deep Elf Fire Elementalist on Feb 4, 2017.
             Was a Follower of Uskayaw.
             Killed by divine providence
             ... invoked by a smoke demon
              (15 damage)
             ... in Pandemonium on Feb 5, 2017.
             The game lasted 07:57:28 (137678 turns).

esc the Archmage (Deep Elf Fire Elementalist)     Turns: 137678, Time: 07:57:29

Health: -1/175     AC: 16    Str:  8    XL:     27
Magic:  3/65       EV: 30    Int: 45    God:    Uskayaw [*.....]
Gold:   7035       SH: 18    Dex: 17    Spells: 5/80 levels left

rFire    + + .     SeeInvis .   b - staff of conjuration {!a}
rCold    + . .     Gourm    .   T - +2 leather armour "Cupnul" {rCorr MP+9}
rNeg     + + .     Faith    .   Q - +5 shield {AC+3}
rPois    +         Spirit   .   m - +0 hat "Waguif" {rPois rF+ Int+7}
rElec    +         Reflect  .   N - +2 cloak {MR+}
rCorr    +         Harm     +   s - +0 pair of gloves of Inaction {rPois Int+4}
MR       ++++.                  J - +2 pair of boots of the Tortoise {rN+ Str+3 Dex+2}
Stlth    +++.......             P - amulet of harm
Regen    0.4/turn               V - ring "Pymneall" {rC+ MR+ Slay+3}
                                X - ring of Nixt {rElec rPois rF+ rN+ Stlth+}

@: repel missiles, drained
A: repulsion field 1, screaming 1
}: 5/15 runes: barnacled, slimy, silver, demonic, gossamer
a: Stomp, Renounce Religion


You were in Pandemonium.
You worshipped Uskayaw.
Uskayaw was pleased with you.
You were not hungry.

You visited 13 branches of the dungeon, and saw 60 of its levels.
You visited Pandemonium 1 time, and saw 11 of its levels.
You visited the Abyss 1 time.
You also visited: Labyrinth and Wizlab.

You collected 10724 gold pieces.
You spent 3689 gold pieces at shops.

Inventory:

Hand Weapons
 a - a +0 demon blade
   (You took it off a gelid demonspawn in Pandemonium)
Missiles
 W - 13 throwing nets (quivered) {=f, !d}
Armour
 m - the +0 hat "Waguif" (worn) {rPois rF+ Int+7}
   (You found it on level 3 of the Elven Halls)

   It affects your intelligence (+7).
   It protects you from fire.
   It protects you from poison.
 q - a +2 large shield of protection
   (You took it off a daeva in Pandemonium)
 s - the +0 pair of gloves of Inaction (worn) {rPois Int+4}
   (You acquired it on level 1 of the Depths)

   It affects your intelligence (+4).
   It protects you from poison.
 J - the +2 pair of boots of the Tortoise (worn) {rN+ Str+3 Dex+2}
   (You found it on level 3 of the Elven Halls)

   It affects your strength (+3).
   It affects your dexterity (+2).
   It protects you from negative energy.
 N - a +2 cloak of magic resistance (worn)
   (You took it off a draconian knight on level 1 of the Realm of Zot)
 Q - a +5 shield of protection (worn)
   (You took it off a gnoll sergeant on level 8 of the Dungeon)
 T - the +2 leather armour "Cupnul" (worn) {rCorr MP+9}
   (You found it on level 13 of the Dungeon)

   It affects your magic capacity (+9).
   It protects you from acid and corrosion.
Magical Staves
 b - an uncursed staff of conjuration (weapon) {!a}
   (You found it on level 4 of the Spider Nest)
Jewellery
 x - an uncursed ring of see invisible {sInv, !d}
   (You found it on level 8 of the Dungeon)
 P - an amulet of harm (around neck)
   (You found it on level 6 of the Lair of Beasts)
 V - the ring "Pymneall" (right hand) {rC+ MR+ Slay+3}
   (You bought it in a shop on level 5 of the Depths)

   [ring of protection from magic]

   It affects your accuracy and damage with ranged weapons and melee attacks
   (+3).
   It protects you from cold.
   It affects your resistance to hostile enchantments.
 X - the ring of Nixt (left hand) {rElec rPois rF+ rN+ Stlth+}
   (You found it on level 5 of the Pits of Slime)

   [ring of protection from fire]

   It protects you from fire.
   It insulates you from electricity.
   It protects you from poison.
   It protects you from negative energy.
   It makes you more stealthy.
Wands
 e - a wand of acid (7/15)
   (You found it on level 4 of the Shoals)
 u - a wand of iceblast (7/15)
   (You found it in Pandemonium)
 y - a wand of scattershot (4/9)
   (You found it in a labyrinth)
 L - a wand of iceblast (3/15)
   (You found it on level 3 of the Elven Halls)
 O - a wand of clouds (3/9)
   (You found it on level 12 of the Dungeon)
 U - a wand of digging (14/24)
   (You found it on level 1 of the Vaults)
Scrolls
 f - 10 scrolls of magic mapping {!r}
 g - 3 scrolls of fog
 j - 2 scrolls of summoning
 n - 5 scrolls of teleportation
 B - 5 scrolls of enchant armour
 E - 27 scrolls of remove curse
 G - 2 scrolls of blinking {!r}
 H - 7 scrolls of recharging
 I - 4 scrolls of fear
 K - 19 scrolls of identify
Potions
 c - 4 potions of cure mutation {!q}
 d - 3 potions of berserk rage {!q}
 h - 5 potions of resistance
 i - 20 potions of curing
 k - 13 potions of flight
 v - a potion of invisibility
 w - 3 potions of heal wounds
 z - 9 potions of brilliance
 R - 10 potions of haste
 Z - 5 potions of cancellation
Books
 o - a book of Annihilations
   (You found it in a labyrinth)
 r - a book of the Tempests
   (You found it in a labyrinth)
Miscellaneous
 p - a crystal ball of energy
   (You found it on level 1 of the Crypt)
 t - 4 phantom mirrors
 C - 5 sacks of spiders
 D - 3 boxes of beasts
Comestibles
 F - 22 meat rations {@e2}


   Skills:
 + Level 18.3 Fighting
 - Level 4.6 Armour
 - Level 22.8 Dodging
 - Level 2.4 Stealth
 - Level 16.0 Shields
 O Level 27(26.9) Spellcasting
 O Level 27(26.9) Conjurations
 - Level 4.8 Charms
 O Level 27(26.9) Fire Magic
 + Level 24.9 Ice Magic
 - Level 15.5 Invocations
 - Level 2.8 Evocations


You had 5 spell levels left.
You knew the following spells:

 Your Spells              Type           Power        Failure   Level  Hunger
a - Bolt of Fire          Conj/Fire      #########.   0%          6    None
b - Iskenderun's Mystic   Conj           ########     0%          4    None
c - Glaciate              Conj/Ice       #########.   1%          9    None
d - Blink                 Tloc           N/A          1%          2    None
e - Throw Flame           Conj/Fire      ######       0%          2    None
f - Fireball              Conj/Fire      #########.   0%          5    None
g - Repel Missiles        Chrm/Air       ######       1%          2    None
h - Fire Storm            Conj/Fire      #########.   1%          9    None
i - Tukima's Dance        Hex            ######..     1%          3    None
j - Orb of Destruction    Conj           #########.   0%          7    None
k - Passage of Golubria   Tloc           N/A          3%          4    None
l - Deflect Missiles      Chrm/Air       ######....   17%         6    None
m - Conjure Flame         Conj/Fire      ########     0%          3    None
n - Apportation           Tloc           ######       1%          1    None
r - Regeneration          Chrm/Necr      ######....   1%          3    None
s - Sticky Flame          Conj/Fire      ########     0%          4    None
z - Iskenderun's Battles  Conj/Chrm      ########     0%          5    None


Dungeon Overview and Level Annotations

Branches:
Dungeon (15/15)            Temple (1/1) D:6            Lair (6/6) D:9
 Shoals (4/4) Lair:3       Spider (4/4) Lair:3        Slime (5/5) Lair:5
    Orc (2/2) D:10            Elf (3/3) Orc:2        Vaults (5/5) D:14
  Crypt (3/3) Vaults:2       Tomb (2/3) Crypt:3      Depths (5/5) D:15
    Zot (5/5) Depths:5

Altars:
Ashenzari
Cheibriados
Dithmenos
Elyvilon
Fedhas
Gozag
Hepliaklqana
Kikubaaqudgha
Makhleb
Nemelex Xobeh
Okawaru
Qazlal
Ru
Sif Muna
Trog
Uskayaw
Vehumet
Xom
Yredelemnul
Zin
The Shining One
Beogh
Jiyva

Shops:
D:8 ?   D:13 (!=   D:14 }=[=!   Orc:2 %?=!   Elf:2 (   Vaults:1 *   Vaults:5 !
Depths:3 }?   Depths:5 (([=

Portals:
Hell: Depths:1 Depths:2 Depths:3 Depths:4 Depths:5
Abyss: Depths:3 Depths:4
Pandemonium: Depths:2 Depths:3
Ziggurat: Depths:2
Trove: D:12 (give horn of Geryon)

Annotations:
Lair:1 exclusion: 3 oklob plants
Lair:6 2 runed doors
Slime:3 exclusion: great orb of eyes
Elf:2 3 runed doors, exclusions: 3 doors and 2 more exclusions


Innate Abilities, Weirdness & Mutations

You are surrounded by a mild repulsion field. (EV +2)
You occasionally shout uncontrollably at your foes.


Message History

Something smites you!
You take 13 damage, and have 93/175 hp.
The chaos spawn closely misses you. You block the red devil's attack.
Your surroundings suddenly seem different.
A chaos spawn comes into view.
The chaos spawn gives a hideous shriek!
You hear an angry hiss.
A chaos spawn comes into view.
The chaos spawn screeches!
Found a gate leading to another region of Pandemonium.
A reaper, a sun demon and a shadow demon come into view.
The reaper is wielding a scythe of slicing.
A shadow demon comes into view.
The shadow demon gestures.
A chaos spawn comes into view.
The torturous demonspawn shouts!
The torturous black sun mumbles some strange prayers to Kikubaaqudgha against you.
The bolt of negative energy hits you! You partially resist.
You feel drained.
The infernal blood saint conjures a destructive force in the name of Makhleb!
The mass of ice explodes!
The iceblast engulfs the chaos spawn.
The iceblast engulfs the sun demon.
The sun demon is frozen!
The iceblast engulfs you!
The fireball explodes!
The fireball engulfs the chaos spawn.
The chaos spawn dies!
The chaos spawn degenerates into a cloud of primal chaos!
The fireball engulfs the sun demon.
The sun demon completely resists.
The fireball engulfs you! You resist.
You hear a roar!
You hear a chilling moan.
Found a gate leading to another region of Pandemonium.
The reaper says, "Everyone has to die sometime, and your time is now."
The shadow demon gestures.
The gelid warmonger calls upon its god to speed up the infernal blood saint.
The infernal blood saint seems to speed up.
There is a gate leading to another region of Pandemonium here.
You take 17 damage, and have 78/175 hp.
You block the sun demon's attack.
You pass into a different region of Pandemonium.
You block the sun demon's attack.
You don't have enough magic to cast that spell.
Aim: a sun demon (lightly wounded)
You feel a surge of power! You block the sun demon's attack.
You now have 1/65 mp.
Really attack while wielding your uncursed staff of conjuration {!a}?
Okay, then.
Unknown command.
The sun demon completely misses you.
A balrug comes into view. It is wielding an enchanted demon whip.
The sun demon misses you.
Your orb of destruction hits a crystal wall.
A red devil comes into view. It is wielding a trident.
The red devil moves out of view.
The sun demon closely misses you.
You see here a bread ration {@e1}.
The sun demon completely misses you.
Found a gate leading to another region of Pandemonium.
A soul eater comes into view.
You block the sun demon's attack.
Unknown command.
Found an exit through the horrors of the Abyss.
There is a gate leading to another region of Pandemonium here.
You block the sun demon's attack.
The soul eater draws from the surrounding life force!
The sun demon hits you!
You are engulfed in flames.
You resist.
A smoke demon comes into view.
You take 22 damage, and have 66/175 hp.
Aim: a sun demon You feel a surge of power!
You conjure a mighty blast of ice!
The great icy blast engulfs the sun demon.
The sun demon is frozen!
The sun demon is frozen into a solid block of ice!
You kill the sun demon!
The great icy blast engulfs the soul eater.
The soul eater partially resists.
The soul eater is flash-frozen.
The smoke demon roars!
You hear a roar!
You hear a hideous shriek!
You hear a shout!
You hear a screech!
You hear a shout!
You hear a bellow!
You hear a shout! x2; You hear a bellow! x2; You hear a roar!
You hear a chilling moan.
You hear a hideous shriek!
You hear a roar!
You hear a croak.
You hear a bellow!
Something says, "Take thy face hence before doom catcheth thee!"
You hear a roar!
You hear a bellow!
The soul eater is engulfed in freezing vapours.
You now have 0/65 mp.
The soul eater is engulfed in freezing vapours.
The soul eater draws from the surrounding life force!
The soul eater is healed.
You take 1 damage, and have 65/175 hp.
The soul eater is engulfed in freezing vapours.
The soul eater is engulfed in freezing vapours.
You kill the soul eater!
A Hell Sentinel comes into view.
You found an alarm trap!
The smoke demon closely misses you. You block the smoke demon's attack. x2
You shout at the sun demon!
A sun demon comes into view.
The sun demon shouts!
You hear a bellow!
The Hell Sentinel gestures at you.
The sphere of damnation explodes!
The damnation engulfs you!
* * * LOW HITPOINT WARNING * * *
The smoke demon gestures at you. Something smites you!
You die...

#.# # ..#............
#.#. ..#.............
##.## ##.....1........
###...###§.§............
.#.#.#.#§#§§§...........
........§§§§§...........
.........§§§§...........
...########8§........)#
...# #§..3^@.....# ...#
#...........#
...########........∩..#
...%..................#
.)....................#
............3.........#
...........)..........#
......................#
..........#####


You could see a Hell Sentinel, a sun demon and a smoke demon.

Vanquished Creatures
  the Royal Jelly (Slime:5)
  A seraph (Pan)
  8 orbs of fire
  Khufu (Crypt:3)
  Mara (Crypt:1)
  9 ancient liches
  Mennas (D:14)
  4 pandemonium lords (Pan)
  A juggernaut (Depths:4)
  3 greater mummies
  Boris (Crypt:1)
  Sojobo (Vaults:4)
  Frederick (Crypt:2)
  Saint Roka (Vaults:3)
  Margery (Crypt:2)
  Bai Suzhen (Shoals:4)
  A caustic shrike (Depths:4)
  5 Killer Klowns
  5 curse toes
  23 golden dragons
  2 pearl dragons (Pan)
  Jory (Vaults:3)
  A bone dragon (Depths:3)
  5 electric golems
  Jorgrun (Depths:3)
  4 Brimstone Fiends (Pan)
  A Cloud Mage (WizLab)
  3 Tzitzimimeh (Pan)
  20 tentacled monstrosities
  A Hell Sentinel (Pan)
  Rupert (D:12)
  2 deep elf blademasters
  10 liches
  25 Orb Guardians (Zot:5)
  Asterion (Elf:1)
  7 quicksilver dragons
  2 deep elf master archers (Elf:3)
  23 acid blobs
  6 titans
  2 krakens
  6 Executioners (Pan)
  13 death cobs
  Kirke (D:12)
  A tentacled starspawn (Abyss:2)
  14 sphinxes
  5 ancient champions
  Donald (Spider:1)
  11 storm dragons
  11 shadow dragons
  14 azure jellies
  7 tengu reavers
  2 warmongers (Pan)
  14 fire giants
  7 draconian monks
  10 frost giants
  8 draconian knights
  Ilsuiw (Shoals:4)
  24 daevas (Pan)
  3 revenants
  2 draconian shifters (Zot:3)
  A blood saint (Pan)
  12 balrugs (Pan)
  An orc warlord (Orc:1)
  4 black suns (Pan)
  9 deep elf sorcerers
  9 ghost moths
  8 deep elf elementalists
  4 draconian scorchers
  2 iron dragons
  19 vault wardens
  4 draconian stormcallers
  8 emperor scorpions
  32 angels (Pan)
  2 curse skulls (Crypt:3)
  4 ghouls
  7 war gargoyles
  11 cacodemons (Pan)
  16 ironheart preservers
  9 corrupters (Pan)
  4 reapers (Pan)
  A stone giant (shapeshifter) (Depths:1)
  2 juggernaut skeletons (Depths:3)
  13 ophanim (Pan)
  7 deep elf demonologists
  14 black draconians
  9 entropy weavers
  10 draconian annihilators
  26 very ugly things
  2 bennus (Tomb:1)
  32 apis (Pan)
  8 green draconians
  24 vampire knights
  20 stone giants
  A dire elephant (shapeshifter) (Depths:2)
  7 purple draconians
  11 deep elf annihilators
  13 yellow draconians
  The ghost of junkhipster the Basher, a journeyman DsBe of Trog (D:15)
  8 red draconians
  8 lorocyprocas
  15 white draconians
  7 spark wasps
  5 eidola
  10 deep elf death magi
  13 mummy priests
  A crystal guardian (Depths:2)
  5 merfolk javelineers (Shoals:4)
  4 death oozes (Slime:5)
  9 merfolk impalers
  3 green deaths (Pan)
  14 yaktaur captains
  6 blizzard demons (Pan)
  8 deep elf high priests
  A minotaur (Lab)
  2 quicksilver dragon skeletons
  14 jiangshi
  A great orb of eyes (shapeshifter) (Vaults:5)
  14 ettins
  6 rakshasas
  Fannar (Orc:1)
  16 fire dragons
  18 great orbs of eyes
  14 ogre magi
  2 ice dragons (shapeshifter) (Depths:2)
  Harold (D:12)
  9 spriggan air magi
  30 vault guards
  18 ice dragons
  5 monstrous demonspawn (Pan)
  5 merfolk avatars
  15 hydras
  3 catoblepae
  15 centaur warriors
  2 juggernaut simulacra (Depths:2)
  5 merfolk aquamancers
  48 two-headed ogres
  5 death knights
  12 deep troll shamans
  An alligator snapping turtle (shapeshifter) (Depths:2)
  7 death scarabs (Tomb:2)
  3 tengu warriors
  14 vampire magi
  9 deep troll earth magi
  6 hell hogs
  Urug (Lair:4)
  An alligator (shapeshifter) (Depths:2)
  7 satyrs
  A spriggan berserker (Depths:5)
  A thrashing horror (Abyss:2)
  A shock serpent (shapeshifter) (Vaults:5)
  3 death yaks
  24 dancing weapons
  Sonja (D:15)
  4 orc high priests
  A titan zombie (Tomb:1)
  32 sun demons (Pan)
  21 soul eaters
  A storm dragon zombie (Crypt:3)
  A titan skeleton (Depths:3)
  2 fire crabs (D:15)
  2 wretched stars (Abyss:2)
  25 deep elf knights
  Nergalle (Lair:3)
  4 iron trolls
  51 skeletal warriors
  14 sixfirhies
  8 hell knights
  A death drake (shapeshifter) (Vaults:4)
  4 infernal demonspawn (Pan)
  12 sea snakes
  A fire crab (shapeshifter) (Vaults:1)
  14 flayed ghosts
  A golden dragon zombie (Crypt:1)
  13 cherubim (Pan)
  29 deep trolls
  An unseen horror (shapeshifter) (Vaults:3)
  30 deep elf archers
  5 shadow demons (Pan)
  6 shadow wraiths
  4 unseen horrors
  5 glowing orange brains
  4 gelid demonspawn (Pan)
  5 torturous demonspawn (Pan)
  5 wizards
  An orange crystal statue (Zot:5)
  2 lindwurms
  2 golden dragon skeletons
  24 phantasmal warriors
  3 tengu skeletons (Depths:3)
  24 ironbrand convokers
  A tengu zombie (Vaults:1)
  24 orc knights
  14 harpies
  8 shining eyes
  A frost giant zombie (D:15)
  A fire giant zombie (Crypt:1)
  6 necromancers
  48 ugly things
  20 orb spiders
  36 wolf spiders
  An iron dragon zombie (Crypt:3)
  A shadow dragon zombie (Crypt:3)
  18 fauns
  2 shining eyes (shapeshifter) (Vaults:5)
  12 orc sorcerers
  10 cyclopes
  A manticore (shapeshifter) (Depths:2)
  12 oklob plants
  A cyclops (shapeshifter) (Depths:2)
  3 frost giant skeletons (Depths:3)
  2 moths of wrath (shapeshifter)
  75 deep elf magi
  A worldbinder (Abyss:2)
  19 manticores
  An apocalypse crab (Abyss:2)
  A guardian serpent (shapeshifter) (Vaults:2)
  2 iron dragon skeletons
  16 smoke demons
  5 water nymphs
  8 elephants (Lair:4)
  3 black mambas
  23 moths of wrath
  2 gargoyles (D:10)
  11 merfolk sirens
  15 vault sentinels
  5 elf zombies
  3 fire giant skeletons (Depths:3)
  3 naga magi (Depths:2)
  2 stone giant skeletons
  3 eyes of devastation
  3 molten gargoyles (Lair:6)
  4 kobold demonologists (D:13)
  10 hellions (Pan)
  A shock serpent skeleton (Crypt:1)
  15 orange demons (Pan)
  A spiny frog (shapeshifter) (Vaults:4)
  14 spiny frogs
  A white draconian zombie (Crypt:3)
  An efreet (Depths:2)
  18 rime drakes
  73 yaktaurs
  27 komodo dragons
  4 tormentors
  A grey draconian skeleton (Crypt:2)
  12 freezing wraiths
  A yellow draconian skeleton (Crypt:1)
  A death yak skeleton (Crypt:2)
  2 tengu conjurers (D:15)
  4 ancient zymes (Abyss:2)
  19 demonic crawlers
  16 guardian mummies
  15 red devils (Pan)
  4 hellwings
  6 meliai
  A meliai (shapeshifter) (Vaults:1)
  34 jumping spiders
  13 trolls
  5 elf skeletons (Depths:3)
  A queen ant zombie (Crypt:3)
  24 merfolk
  A hornet (shapeshifter) (Depths:2)
  2 harpy zombies (Crypt:3)
  14 hornets
  A tarantella zombie (Crypt:3)
  A polar bear (Lair:6)
  15 wind drakes
  A harpy skeleton (Crypt:2)
  71 slime creatures
  A bog body (Crypt:2)
  23 blink frogs
  5 hippogriffs
  12 dream sheep
  A slime creature (shapeshifter) (Vaults:1)
  2 deep troll zombies
  An ettin zombie (Depths:1)
  An ice dragon zombie (Crypt:3)
  3 raiju (shapeshifter)
  A blink frog (shapeshifter) (Vaults:3)
  A snapping turtle (shapeshifter) (Depths:2)
  A spriggan zombie (D:15)
  A fire dragon zombie (Crypt:3)
  A frost giant simulacrum (Vaults:3)
  2 hippogriffs (shapeshifter) (Depths:2)
  16 snapping turtles
  24 flying skulls
  40 air elementals
  A fire dragon skeleton (Crypt:2)
  2 shadows (Crypt:3)
  111 redbacks
  17 wraiths
  15 ynoxinuls
  16 large abominations
  A redback (shapeshifter) (Depths:2)
  A spriggan simulacrum (Depths:1)
  A tarantella (shapeshifter) (Depths:1)
  A wyvern (shapeshifter) (Vaults:5)
  27 water elementals
  3 fire elementals
  26 tarantellas
  3 vampires
  A hog (shapeshifter) (Vaults:5)
  3 hogs (D:12)
  3 humans (D:13)
  5 wyverns
  18 yaks
  A deep troll skeleton (D:15)
  7 ushabtiu
  4 small abominations (Abyss:2)
  4 hungry ghosts
  2 golden eyes (Slime:1)
  A golden eye (shapeshifter) (Elf:2)
  32 chaos spawn
  15 steam dragons
  2 vampire mosquitoes
  7 basilisks
  8 neqoxecs (Pan)
  7 wargs
  A spatial vortex (Abyss:2)
  A soldier ant (D:11)
  5 swamp worms (Spider:4)
  A soldier ant (shapeshifter) (Vaults:4)
  7 insubstantial wisps (WizLab)
  8 acid dragons
  A water moccasin (shapeshifter) (Vaults:1)
  10 porcupines
  15 water moccasins
  11 hell hounds
  A floating eye (Depths:1)
  53 orc warriors
  4 sky beasts
  11 ice beasts
  3 phantoms
  3 black bears
  7 eyes of draining
  A spiny frog skeleton (Crypt:3)
  A snapping turtle zombie (Crypt:3)
  41 ogres
  18 boggarts
  2 necrophages
  A tengu (shapeshifter) (Elf:1)
  4 human skeletons
  6 wolves
  22 crocodiles
  33 centaurs
  A blink frog skeleton (Crypt:1)
  3 human zombies
  A hippogriff zombie (Crypt:2)
  The ghost of Jooles the Conjurer, an amateur DECj (D:3)
  24 bullfrogs
  5 big kobolds
  A gnoll sergeant (D:8)
  A wyvern zombie (D:10)
  2 earth elementals
  2 komodo dragon skeletons (Crypt:2)
  A cyclops zombie (Crypt:2)
  2 wyvern skeletons
  7 scorpions
  9 killer bees
  A troll zombie (D:10)
  24 wights
  A raiju skeleton (Crypt:2)
  8 howler monkeys
  9 electric eels
  5 lava snakes (Lair:6)
  16 crimson imps
  5 centaur zombies
  A bullfrog zombie (D:8)
  10 hounds
  A quasit (D:10)
  25 orc priests
  5 jellies
  37 orc wizards
  Crazy Yiuf (D:2)
  5 bullfrog skeletons
  3 centaur skeletons
  5 iron imps (Abyss:2)
  8 iguanas
  13 worker ants
  5 ogre zombies (D:10)
  A crocodile skeleton (Crypt:2)
  3 hound skeletons
  2 hound zombies
  15 mummies
  3 worker ant zombies
  13 adders
  6 gnolls
  12 shadow imps
  4 white imps (Abyss:2)
  8 oozes
  An adder zombie (D:9)
  An adder skeleton (D:8)
  20 worms
  3 dart slugs
  5 leopard geckos
  130 orcs
  A bat zombie (Crypt:3)
  5 giant cockroaches
  A hobgoblin (shapeshifter) (Vaults:5)
  10 hobgoblins
  22 jackals
  23 kobolds
  5 quokkas
  3 ball pythons
  9 bats
  6 frilled lizards
  12 goblins
  A goblin skeleton (D:10)
  5 goblin zombies (D:10)
  A hobgoblin skeleton (D:10)
  4 hobgoblin zombies (D:10)
  A leopard gecko zombie (D:7)
  2 orc skeletons (D:10)
  5 orc zombies (D:10)
  5 rats
  5 blocks of ice (Pan)
  29 bushes (Zot:4)
  26 fire vortices
  25 fungi
  33 plants
  A tentacle (Shoals:2)
3855 creatures vanquished.

Vanquished Creatures (collateral kills)
  A golden dragon (Zot:3)
  3 titans
  2 shadow dragons (Vaults:5)
  A daeva (Pan)
  A draconian stormcaller (Zot:1)
  A very ugly thing (Depths:5)
  An apis (Pan)
  A juggernaut skeleton (Crypt:3)
  An ophan (Pan)
  A black draconian (Zot:1)
  A green draconian (Zot:2)
  A vault guard (Vaults:5)
  A cherub (Pan)
  A shadow dragon zombie (Crypt:3)
  An iron dragon zombie (Crypt:3)
  A moth of wrath (Zot:5)
  3 guardian mummies
  A jumping spider (Zot:2)
  A hornet (Zot:2)
  A slime creature (Slime:5)
  An air elemental (Depths:5)
  A ynoxinul (Pan)
  3 golden eyes (Slime:1)
  A chaos spawn (Pan)
  A floating eye (Slime:5)
  A hog zombie (Crypt:2)
  8 mummies
  2 orcs
  A fungus (Zot:4)
44 creatures vanquished.

Vanquished Creatures (others)
  An eldritch tentacle (Zot:4)
  2 death scarabs (Tomb:2)
  4 moths of wrath (Zot:5)
  A yaktaur (Vaults:5)
  A queen bee (shapeshifter) (Vaults:5)
  A small abomination (Abyss:2)
  A human (D:13)
  A chaos spawn (Pan)
  A centaur (D:13)
  A mummy (Tomb:2)
  71 blocks of ice (Pan)
  491 fire vortices
  55 fungi
  27 plants
  5 starspawn tentacles (Abyss:2)
  7 tentacles
  5 withered plants (D:15)
675 creatures vanquished.

Grand Total: 4574 creatures vanquished

Notes
Turn   | Place    | Note
-------+----------+-------------------------------------------
     0 | D:1      | esc the Deep Elf Fire Elementalist began the quest for the Orb.
     0 | D:1      | Reached XP level 1. HP: 10/10 MP: 6/6
   180 | D:1      | Reached XP level 2. HP: 15/15 MP: 1/8
   533 | D:1      | Reached skill level 2 in Conjurations
   738 | D:1      | Reached XP level 3. HP: 19/19 MP: 2/10
  1742 | D:2      | Reached skill level 4 in Spellcasting
  1799 | D:2      | Reached skill level 4 in Fire Magic
  1892 | D:2      | Reached XP level 4. HP: 24/24 MP: 9/12
  2193 | D:2      | Found a runed door.
  2201 | D:2      | Learned a level 3 spell: Conjure Flame
  2201 | D:2      | Noticed Crazy Yiuf
  2209 | D:2      | Killed Crazy Yiuf
  2209 | D:2      | Reached skill level 3 in Conjurations
  2300 | D:3      | Noticed Jooles's ghost (amateur DECj)
  2332 | D:3      | Learned a level 2 spell: Throw Flame
  2383 | D:3      | Reached XP level 5. HP: 28/28 MP: 10/13
  2891 | D:4      | Reached skill level 1 in Fighting
  2891 | D:4      | Reached skill level 3 in Dodging
  3312 | D:4      | Reached skill level 4 in Dodging
  3312 | D:4      | Reached XP level 6. HP: 17/35 MP: 9/14
  3385 | D:4      | Reached skill level 2 in Fighting
  4273 | D:3      | Reached XP level 7. HP: 36/40 MP: 12/16
  4288 | D:3      | Killed Jooles's ghost
  4288 | D:3      | Reached skill level 5 in Spellcasting
  4288 | D:3      | Reached skill level 5 in Fire Magic
  4626 | D:3      | Reached skill level 5 in Dodging
  4908 | D:5      | Entered Level 5 of the Dungeon
  5014 | D:5      | Reached skill level 3 in Fighting
  5014 | D:5      | Reached skill level 4 in Conjurations
  5214 | D:5      | Reached skill level 6 in Spellcasting
  5339 | D:5      | Reached XP level 8. HP: 38/46 MP: 8/19
  5537 | D:5      | Found a snail-covered altar of Cheibriados.
  5843 | D:4      | Reached skill level 5 in Conjurations
  5907 | D:4      | Learned a level 4 spell: Sticky Flame
  6005 | D:5      | Reached skill level 6 in Dodging
  6306 | D:5      | Reached skill level 6 in Fire Magic
  6462 | D:6      | Found a staircase to the Ecumenical Temple.
  6486 | Temple   | Entered the Ecumenical Temple
  6535 | Temple   | Became a worshipper of Uskayaw the Reveler
  6609 | D:6      | Reached * piety under Uskayaw
  6615 | D:6      | Reached ** piety under Uskayaw
  6620 | D:6      | Reached skill level 4 in Fighting
  6620 | D:6      | Reached skill level 7 in Spellcasting
  7068 | D:7      | Reached skill level 1 in Evocations
  7236 | D:7      | Reached skill level 1 in Invocations
  7240 | D:7      | Reached XP level 9. HP: 52/52 MP: 0/21
  7240 | D:7      | Reached *** piety under Uskayaw
  7435 | D:7      | Reached skill level 2 in Evocations
  7443 | D:7      | Reached skill level 2 in Invocations
  8485 | D:8      | Reached skill level 6 in Conjurations
  8485 | D:8      | Reached skill level 3 in Invocations
  8813 | D:8      | Reached skill level 7 in Fire Magic
  8846 | D:8      | Reached skill level 8 in Spellcasting
  9062 | D:8      | Found Otodwuri's Magic Scroll Shop.
  9071 | D:8      | Reached skill level 4 in Invocations
  9156 | D:8      | Bought a scroll of teleportation for 39 gold pieces
  9156 | D:8      | Bought a scroll of identify for 26 gold pieces
  9163 | D:8      | Gained mutation: Your muscles are strong. (Str +2) [potion of beneficial mutation]
  9468 | D:8      | Found a stormy altar of Qazlal.
 10469 | D:8      | Reached skill level 7 in Conjurations
 10914 | D:9      | Reached XP level 10. HP: 56/56 MP: 5/24
 10915 | D:9      | Reached **** piety under Uskayaw
 10916 | D:9      | Reached skill level 9 in Spellcasting
 10916 | D:9      | Reached skill level 5 in Invocations
 11184 | D:9      | Reached skill level 8 in Fire Magic
 11442 | D:10     | Entered Level 10 of the Dungeon
 12985 | D:9      | Reached skill level 8 in Conjurations
 13129 | D:9      | Reached skill level 6 in Invocations
 13297 | D:9      | Found a staircase to the Lair.
 13336 | D:9      | Reached skill level 10 in Spellcasting
 13650 | D:9      | Found a roughly hewn altar of Beogh.
 13668 | D:9      | Learned a level 5 spell: Fireball
 14002 | Lair:1   | Entered Level 1 of the Lair of Beasts
 14125 | Lair:1   | Noticed a spiny frog
 14173 | Lair:1   | Reached skill level 9 in Fire Magic
 14190 | Lair:1   | Found a labyrinth entrance.
 14196 | Lab      | Entered a labyrinth
 14386 | Lab      | Noticed a minotaur
 14396 | Lab      | Killed a minotaur
 14466 | Lab      | wew
 14478 | Lair:1   | Killed a spiny frog
 14478 | Lair:1   | Reached XP level 11. HP: 42/61 MP: 18/27
 14492 | Lair:1   | Noticed a seven-headed hydra
 14685 | Lair:1   | Killed a seven-headed hydra
 14685 | Lair:1   | Reached skill level 7 in Dodging
 15117 | Lair:1   | Reached skill level 9 in Conjurations
 15171 | Lair:1   | Learned a level 5 spell: Iskenderun's Battlesphere
 15337 | Lair:1   | Reached skill level 1 in Charms
 15375 | Lair:1   | Noticed an oklob plant
 15432 | Lair:1   | Noticed an oklob plant
 15432 | Lair:1   | Noticed an oklob plant
 15443 | Lair:1   | Reached skill level 3 in Charms
 15979 | Lair:2   | Noticed a six-headed hydra
 16054 | Lair:2   | Reached skill level 4 in Charms
 16661 | Lair:2   | Reached skill level 1 in Shields
 16811 | Lair:2   | Killed a six-headed hydra
 16811 | Lair:2   | Reached skill level 2 in Shields
 16958 | Lair:2   | Noticed a seven-headed hydra
 16963 | Lair:2   | Killed a seven-headed hydra
 16963 | Lair:2   | Reached skill level 3 in Shields
 17093 | Lair:2   | Reached skill level 4 in Shields
 17251 | Lair:2   | Reached skill level 5 in Shields
 17516 | Lair:3   | Noticed a lindwurm
 17764 | Lair:3   | Reached skill level 6 in Shields
 17856 | Lair:3   | Learned a level 4 spell: Iskenderun's Mystic Blast
 17903 | Lair:3   | Killed a lindwurm
 18108 | Lair:3   | Found a hole to the Spider Nest.
 18123 | Lair:3   | Reached XP level 12. HP: 67/67 MP: 11/28
 18306 | Lair:3   | Noticed Nergalle
 18311 | Lair:3   | Killed Nergalle
 18311 | Lair:3   | Reached skill level 7 in Shields
 18703 | Lair:3   | Found a staircase to the Shoals.
 18827 | Lair:3   | Found a blossoming altar of Fedhas.
 19144 | Lair:4   | Reached skill level 8 in Shields
 19373 | Lair:4   | Noticed Urug
 19693 | Lair:4   | Killed Urug
 19869 | Lair:4   | Reached skill level 9 in Shields
 20255 | Lair:4   | Reached skill level 11 in Spellcasting
 20527 | Lair:4   | Noticed a seven-headed hydra
 20531 | Lair:4   | Killed a seven-headed hydra
 20857 | Lair:4   | Reached skill level 10 in Fire Magic
 21324 | Lair:4   | Reached ***** piety under Uskayaw
 21799 | Lair:5   | Reached skill level 12 in Spellcasting
 21803 | Lair:5   | Reached XP level 13. HP: 59/72 MP: 0/31
 22116 | Lair:4   | Reached skill level 10 in Conjurations
 22572 | Lair:5   | Reached skill level 10 in Shields
 23145 | Lair:5   | Reached skill level 11 in Fire Magic
 23391 | Lair:5   | Got a transparent falchion
 23392 | Lair:5   | Identified the +8 falchion of Eloilul {protect, +Blink Str+2 Int+3 Dex-2} (You found it on level 5 of the Lair of Beasts)
 23415 | Lair:5   | Noticed a fire dragon
 24021 | Lair:5   | Found a runed door.
 24021 | Lair:5   | Found a viscous altar of Jiyva.
 24030 | Lair:5   | Found a staircase to the Slime Pits.
 25106 | Lair:5   | Reached skill level 11 in Conjurations
 25281 | Lair:5   | Reached skill level 13 in Spellcasting
 25394 | Lair:6   | Entered Level 6 of the Lair of Beasts
 25406 | Lair:6   | Reached skill level 5 in Fighting
 25408 | Lair:6   | why
 26457 | Lair:6   | Reached XP level 14. HP: 78/78 MP: 17/33
 27815 | Lair:6   | Found a large runed door.
 27845 | Lair:5   | Reached skill level 12 in Fire Magic
 28446 | Lair:6   | Found a large runed door.
 28476 | Lair:6   | Reached skill level 14 in Spellcasting
 28765 | Lair:6   | Reached skill level 6 in Fighting
 29107 | D:10     | Reached skill level 11 in Shields
 29509 | D:10     | Found a staircase to the Orcish Mines.
 31010 | D:11     | You fall through a shaft!
 31081 | D:12     | Noticed Harold
 31085 | D:12     | Killed Harold
 31085 | D:12     | Reached skill level 12 in Conjurations
 31623 | D:12     | Noticed Rupert
 31627 | D:12     | Killed Rupert
 31804 | D:12     | Found a portal to a secret trove of treasure.
 33197 | D:13     | Noticed Kirke
 33220 | D:12     | Killed Kirke
 33922 | D:13     | Reached XP level 15. HP: 85/85 MP: 12/35
 34146 | D:13     | Reached skill level 7 in Fighting
 34429 | D:13     | Identified the Almanac of Cankerous Calling
 34443 | D:13     | Found Rodwyvy's Distillery.
 34457 | D:13     | Found Mutuluas's Jewellery Shop.
 34537 | D:13     | Got a smoking leather armour
 34548 | D:13     | Identified the +2 leather armour "Cupnul" {rCorr MP+9} (You found it on level 13 of the Dungeon)
 34577 | D:13     | Found Fiwkeirph's Antique Weapon Boutique.
 34623 | D:13     | Identified a scroll of acquirement
 34625 | D:13     | Got a spiked large shield
 34636 | D:13     | Identified the +3 large shield of Lugonu's Whim {rElec rC+ Int+2} (You acquired it on level 13 of the Dungeon)
 35210 | D:14     | Found Femank's Jewellery Emporium.
 35234 | D:14     | Reached skill level 1 in Armour
 35427 | D:14     | Found Lilesar's Gadget Shop.
 35629 | D:14     | Found Erae's Armour Shoppe.
 35793 | D:13     | Reached skill level 2 in Armour
 35793 | D:13     | Reached skill level 8 in Dodging
 36157 | D:14     | Bought a +0 pair of gloves of dexterity for 126 gold pieces
 36267 | D:14     | Found Jaute's Jewellery Shop.
 36284 | D:14     | Found Resiakk's Distillery.
 36395 | D:14     | Found a gate to the Vaults.
 37461 | D:15     | Entered Level 15 of the Dungeon
 37461 | D:15     | Noticed junkhipster's ghost (journeyman DsBe)
 37572 | D:15     | Killed junkhipster's ghost
 37750 | D:15     | Reached skill level 3 in Armour
 38134 | Orc:1    | Entered Level 1 of the Orcish Mines
 38522 | Orc:2    | Entered Level 2 of the Orcish Mines
 38898 | Orc:2    | Reached skill level 15 in Spellcasting
 38969 | Orc:2    | Found a staircase to the Elven Halls.
 39063 | Orc:2    | Reached skill level 12 in Shields
 40100 | Orc:2    | Found Waqih's Distillery.
 40100 | Orc:2    | Found Kett's Food Emporium.
 40101 | Orc:2    | Found Rutuajalo's Jewellery Boutique.
 40104 | Orc:2    | Found Yfito's Magic Scroll Boutique.
 40131 | Orc:2    | Bought a scroll of identify for 36 gold pieces
 40131 | Orc:2    | Bought a scroll of identify for 36 gold pieces
 40134 | Orc:2    | Bought a scroll of magic mapping for 63 gold pieces
 40134 | Orc:2    | Bought a scroll of teleportation for 54 gold pieces
 40134 | Orc:2    | Bought a scroll of teleportation for 54 gold pieces
 40134 | Orc:2    | Bought a scroll of magic mapping for 63 gold pieces
 40134 | Orc:2    | Bought a scroll of magic mapping for 63 gold pieces
 40224 | Orc:1    | Noticed Fannar
 40229 | Orc:1    | Killed Fannar
 40234 | Orc:1    | Noticed an orc warlord
 40240 | Orc:1    | Killed an orc warlord
 40823 | Spider:1 | Entered Level 1 of the Spider Nest
 40831 | Spider:1 | Reached skill level 13 in Conjurations
 40866 | Spider:1 | Noticed a ghost moth
 40877 | Spider:1 | Killed a ghost moth
 41216 | Spider:1 | Noticed Donald
 41224 | Spider:1 | esc: @?donald
 41224 | Spider:1 | beem: Donald (@)
                  | Spd:
    10 | HD: 14   | HP: 68-99
                  | AC/EV: 13/6
                  | Dam: 26
                  | weapons, items, doors, fighter, amphibious, spellcaster
                  | Res: magic(100), drown
                  | XP: 1966
                  | Sp: might, haste
                  | Sz: Medium
                  | Int: human.
 41227 | Spider:1 | Killed Donald
 41227 | Spider:1 | Reached XP level 16. HP: 62/92 MP: 9/37
 42000 | Spider:1 | Reached skill level 16 in Spellcasting
 43853 | Spider:2 | Reached skill level 8 in Fighting
 45128 | Spider:2 | Reached skill level 14 in Conjurations
 45168 | Spider:1 | Reached skill level 13 in Shields
 46140 | Spider:3 | Reached skill level 17 in Spellcasting
 47366 | Spider:4 | Entered Level 4 of the Spider Nest
 47859 | Spider:3 | esc: @?ghost moth
 47859 | Spider:3 | beem: ghost moth (y)
                  | Spd:
    12 | HD: 13   | HP: 58-87
                  | AC/EV: 8/10
                  | Dam: 18(drain stat), 18(drain stat), 12(strong poison:47-84)
                  | fly
                  | Res: magic(100), cold, poison
                  | Chunks: mutagenic
                  | XP: 1684
                  | Sp: draining gaze [!sil]
                  | Sz: Large
                  | Int: animal.
 48074 | Spider:3 | Reached skill level 9 in Fighting
 48074 | Spider:3 | Reached XP level 17. HP: 100/100 MP: 27/40
 51346 | Spider:4 | Reached skill level 18 in Spellcasting
 51619 | Spider:4 | Reached skill level 15 in Conjurations
 52359 | Spider:4 | Got a gossamer rune of Zot
 52484 | Shoals:1 | Entered Level 1 of the Shoals
 52757 | Shoals:1 | Reached skill level 10 in Fighting
 53508 | Shoals:1 | Noticed a kraken
 53551 | Shoals:1 | Killed a kraken
 53955 | Shoals:1 | Reached skill level 14 in Shields
 54510 | Shoals:2 | Reached XP level 18. HP: 108/108 MP: 25/42
 55876 | Shoals:4 | Entered Level 4 of the Shoals
 56318 | Shoals:4 | Reached skill level 15 in Shields
 56783 | Shoals:4 | Noticed Ilsuiw
 56939 | Shoals:4 | Reached ****** piety under Uskayaw
 57484 | Shoals:4 | Noticed Bai Suzhen
 57492 | Shoals:4 | Killed Bai Suzhen
 57743 | Shoals:4 | Killed Ilsuiw
 57743 | Shoals:4 | Reached skill level 16 in Shields
 58024 | Shoals:4 | Got a pitted platinum ring
 58027 | Shoals:4 | Identified the ring "Worosu" {+Inv rC+ rN+} (You took it off a merfolk on level 4 of the Shoals)
 58334 | Shoals:4 | Identified the Catalogue of Displacement and Flight
 58339 | Shoals:4 | Learned a level 2 spell: Blink
 58461 | Shoals:4 | Got a barnacled rune of Zot
 58541 | Shoals:4 | Learned a level 6 spell: Bolt of Fire
 58745 | Shoals:2 | Reached skill level 13 in Fire Magic
 59764 | D:8      | Bought a scroll of identify for 26 gold pieces
 59764 | D:8      | Bought a scroll of recharging for 123 gold pieces
 59764 | D:8      | Bought a scroll of teleportation for 39 gold pieces
 59948 | Orc:2    | Bought a potion of brilliance for 60 gold pieces
 59948 | Orc:2    | Bought a potion of curing for 45 gold pieces
 59948 | Orc:2    | Bought a potion of cancellation for 120 gold pieces
 59948 | Orc:2    | Bought a potion of agility for 60 gold pieces
 59948 | Orc:2    | Bought a potion of agility for 60 gold pieces
 59948 | Orc:2    | Bought a potion of curing for 45 gold pieces
 59948 | Orc:2    | Bought a potion of might for 60 gold pieces
 60113 | D:13     | Reached skill level 9 in Dodging
 60246 | D:13     | Bought a potion of heal wounds for 50 gold pieces
 60246 | D:13     | Bought 2 potions of agility for 80 gold pieces
 60246 | D:13     | Bought a potion of curing for 30 gold pieces
 60246 | D:13     | Bought a potion of invisibility for 80 gold pieces
 60246 | D:13     | Bought 2 potions of haste for 200 gold pieces
 60246 | D:13     | Bought a potion of curing for 30 gold pieces
 60246 | D:13     | Bought a potion of agility for 40 gold pieces
 60246 | D:13     | Bought a potion of resistance for 100 gold pieces
 60246 | D:13     | Bought a potion of invisibility for 80 gold pieces
 60246 | D:13     | Bought a potion of haste for 100 gold pieces
 60339 | Vaults:1 | Entered Level 1 of the Vaults
 60828 | Vaults:1 | Reached skill level 19 in Spellcasting
 60828 | Vaults:1 | Reached skill level 16 in Conjurations
 60949 | Vaults:1 | Reached XP level 19. HP: 112/112 MP: 40/44
 62126 | Vaults:1 | Found Kotzemi's General Store.
 62143 | Vaults:1 | Bought a scroll of identify for 36 gold pieces
 62143 | Vaults:1 | Bought a scroll of identify for 36 gold pieces
 62564 | Vaults:1 | Reached skill level 10 in Dodging
 63654 | Vaults:2 | Reached skill level 14 in Fire Magic
 64068 | Vaults:2 | Reached skill level 11 in Dodging
 64878 | Vaults:2 | Reached skill level 20 in Spellcasting
 65027 | Vaults:2 | Found a staircase to the Crypt.
 65131 | Vaults:2 | Reached skill level 17 in Conjurations
 65262 | Vaults:2 | Noticed Mennas
 65847 | Vaults:1 | Reached XP level 20. HP: 117/117 MP: 34/46
 66617 | D:14     | esc: @?mennas
 66617 | D:14     | beem: Mennas (A)
                  | Spd:
    15 | HD: 19   | HP: 123-174
                  | AC/EV: 15/26
                  | Dam: 30, 20
                  | holy, weapons, items, doors, fighter, spellcaster, see invisible, fly
                  | Res: magic(160), elec, poison, rot, neg+++, holy+++
                  | XP: 7828
                  | Sp: mass confusion, silence, minor healing (2d9+3)
                  | Sz: Medium
                  | Int: human.
 66622 | D:14     | HP: 14/117 [Mennas/eudemon blade of holy wrath (30)]
 67019 | D:15     | Reached skill level 7 in Invocations
 67233 | D:15     | Reached skill level 4 in Armour
 67236 | D:15     | Noticed Sonja
 67385 | D:15     | Killed Sonja
 67888 | D:15     | Found a staircase to the Depths.
 68577 | Depths:1 | Entered Level 1 of the Depths
 68808 | Depths:1 | Reached skill level 15 in Fire Magic
 69434 | Depths:1 | Found a gateway to Hell.
 69789 | Depths:1 | esc: @?spriggan defender simulacrum
 69789 | Depths:1 | beem: spriggan defender simulacrum (Z)
                  | Spd: 14 (move: 60%)
                  | HD: 15
                  | HP: 34-53
                  | AC/EV: 1/17
                  | Dam: 12(cold:15-44)
                  | undead, evil, unbreathing
                  | Res: magic(20), cold+++, poison+++, drown, rot+++, neg+++, torm
                  | Vul: fire, holy
                  | XP:
   207 | Sz: little | Int: brainless.
 70184 | Depths:1 | Reached skill level 21 in Spellcasting
 70326 | Depths:1 | Reached skill level 18 in Conjurations
 71154 | Depths:1 | Got a pair of smoking gloves
 71154 | Depths:1 | Got a glittering granite ring
 71155 | Depths:1 | Identified the +0 pair of gloves of Inaction {rPois Int+4} (You acquired it on level 1 of the Depths)
 71156 | Depths:1 | Identified the ring of Dogma {Wiz Slay+2} (You acquired it on level 1 of the Depths)
 71455 | Depths:1 | Reached XP level 21. HP: 109/122 MP: 7/48
 71713 | Depths:1 | Learned a level 3 spell: Regeneration
 71796 | Depths:2 | Reached skill level 16 in Fire Magic
 71846 | Depths:2 | Found a gateway to a ziggurat.
 72674 | Depths:2 | HP: 22/122 [war gargoyle/spray of metal splinters (38)]
 73854 | Depths:2 | Reached skill level 22 in Spellcasting
 74301 | Depths:2 | HP: 12/122 [something (30)]
 74926 | Depths:2 | Learned a level 2 spell: Repel Missiles
 75052 | Depths:2 | Reached skill level 19 in Conjurations
 75383 | Depths:2 | Noticed a golden dragon
 75618 | Depths:2 | Reached skill level 17 in Fire Magic
 75773 | Depths:2 | Found a one-way gate leading to the halls of Pandemonium.
 76428 | D:14     | Killed Mennas
 77560 | Vaults:3 | Reached XP level 22. HP: 128/128 MP: 38/50
 77851 | Vaults:3 | Noticed Jory
 77856 | Vaults:3 | Killed Jory
 78023 | Vaults:3 | Noticed Saint Roka
 78028 | Vaults:3 | Killed Saint Roka
 78216 | Vaults:3 | Reached skill level 23 in Spellcasting
 78976 | Vaults:3 | Reached skill level 18 in Fire Magic
 79096 | Vaults:3 | Reached skill level 20 in Conjurations
 79813 | Vaults:3 | Learned a level 9 spell: Fire Storm
 80465 | Vaults:4 | Noticed Sojobo
 80477 | Vaults:4 | Killed Sojobo
 82234 | Vaults:4 | Learned a level 3 spell: Tukima's Dance
 83093 | Elf:1    | Entered Level 1 of the Elven Halls
 83103 | Elf:1    | Reached skill level 24 in Spellcasting
 83264 | Elf:1    | Reached XP level 23. HP: 132/132 MP: 53/53
 83546 | Elf:1    | Identified the Almanac of Dark Magic
 83825 | Elf:1    | Reached skill level 19 in Fire Magic
 84609 | Elf:1    | Noticed Asterion
 84612 | Elf:1    | Killed Asterion
 84968 | Elf:1    | Reached skill level 21 in Conjurations
 85060 | Elf:1    | Learned a level 7 spell: Orb of Destruction
 85715 | Elf:2    | Found a magical portal.
 85733 | WizLab   | Entered The Chambers of the Cloud Mage
 87045 | WizLab   | Identified Igreuvva's Volume of Air
 87048 | WizLab   | Identified the Catalogue of the Birds
 87423 | Elf:2    | Found Onkung's Weapon Shop.
 87573 | Elf:2    | Found a huge runed gate.
 87573 | Elf:2    | Found a huge runed gate.
 87573 | Elf:2    | Found a huge runed gate.
 88016 | Elf:3    | Entered Level 3 of the Elven Halls
 89774 | Elf:3    | Got a crude chain mail
 89774 | Elf:3    | Got a scintillating gossamer ring
 89775 | Elf:3    | Identified the cursed ring "Mujuugy" {rElec rF+ rC+ Int-2} (You took it off a deep elf master archer on level 3 of the Elven Halls)
 89795 | Elf:3    | Reached skill level 25 in Spellcasting
 90015 | Elf:3    | Reached skill level 20 in Fire Magic
 90195 | Elf:3    | Got a dazzling great sword {holy}
 90273 | Elf:3    | Got a pair of distressingly furry boots
 90274 | Elf:3    | Identified the +2 pair of boots of the Tortoise {rN+ Str+3 Dex+2} (You found it on level 3 of the Elven Halls)
 90309 | Elf:3    | Got a faintly glowing fustibalus
 90320 | Elf:3    | Got a crude hat
 90321 | Elf:3    | Identified the +0 hat "Waguif" {rPois rF+ Int+7} (You found it on level 3 of the Elven Halls)
 90362 | Elf:3    | Identified Sif Muna's Handbook of Evil Augmentations
 90409 | Elf:3    | Got a shimmering hunting sling
 91136 | Vaults:5 | Entered Level 5 of the Vaults
 91139 | Vaults:5 | Reached XP level 24. HP: 104/137 MP: 36/54
 91141 | Vaults:5 | Reached skill level 22 in Conjurations
 91376 | Vaults:5 | Cast into level 2 of the Abyss (a deep elf demonologist)
 91377 | Abyss:2  | wew
 91377 | Abyss:2  | Found a sacrificial altar of Ru.
 91448 | Abyss:2  | Found a corrupted altar of Lugonu.
 92465 | Vaults:5 | Escaped the Abyss
 92739 | Vaults:5 | HP: 29/137 [tentacled monstrosity (9)]
 92740 | Vaults:5 | bye
 92905 | Vaults:5 | fml
 92909 | Vaults:5 | Gained mutation: You occasionally shout uncontrollably at your foes. [a shining eye]
 92921 | Vaults:5 | Identified Xofoum's Catalogue of Ensnaring Confrontation
 92932 | Vaults:5 | Reached skill level 21 in Fire Magic
 93015 | Vaults:5 | pray
 93270 | Vaults:4 | worst v5 ever
 93592 | Vaults:4 | Reached skill level 26 in Spellcasting
 94011 | Vaults:5 | Noticed an ancient lich
 94013 | Vaults:4 | man
 94678 | Depths:3 | Noticed Jorgrun
 94678 | Depths:3 | Killed Jorgrun
 94724 | Depths:3 | Reached skill level 23 in Conjurations
 94911 | Depths:3 | Reached XP level 25. HP: 142/142 MP: 5/55
 95450 | Depths:3 | Found Epainat's Magic Scroll Boutique.
 95450 | Depths:3 | Found Jidghef's Gadget Shop.
 95458 | Depths:3 | Bought a scroll of teleportation for 54 gold pieces
 95723 | Depths:3 | Found a one-way gate to the infinite horrors of the Abyss.
 96243 | Depths:3 | Got a fine tin ring
 96249 | Depths:3 | Identified the ring of Moral Flaws {rCorr Str+3} (You took it off a skeletal warrior on level 3 of the Depths)
 97179 | Depths:4 | Reached skill level 22 in Fire Magic
 97205 | Depths:4 | Reached skill level 27 in Spellcasting
 97668 | Depths:4 | Reached skill level 12 in Dodging
 97731 | Depths:4 | Noticed a juggernaut
 97732 | Depths:4 | Killed a juggernaut
 98618 | Depths:4 | Reached skill level 11 in Fighting
 98623 | Depths:4 | Reached skill level 13 in Dodging
 99363 | Depths:5 | Entered Level 5 of the Depths
 99736 | Depths:5 | Found a sparkling altar of Nemelex Xobeh.
 99777 | Depths:5 | Reached XP level 26. HP: 137/150 MP: 43/56
100016 | Depths:5 | Found Idiotim's Antique Weapon Boutique.
100273 | Depths:5 | Found a gate to the Realm of Zot.
100279 | Depths:5 | Found Eblomos's Weapon Shop.
100283 | Depths:5 | Found Wonlis's Armour Boutique.
100284 | Depths:5 | Found Figair's Jewellery Shop.
100293 | Depths:5 | Bought the ring "Pymneall" {rC+ MR+ Slay+3} for 1083 gold pieces
100476 | Depths:5 | Reached skill level 23 in Fire Magic
101117 | Crypt:1  | Entered Level 1 of the Crypt
101214 | Crypt:1  | Noticed Mara
101217 | Crypt:1  | Killed Mara
101217 | Crypt:1  | Reached skill level 14 in Dodging
101570 | Crypt:1  | Learned a level 4 spell: Passage of Golubria
101814 | Crypt:1  | Noticed Boris
101816 | Crypt:1  | Killed Boris
101816 | Crypt:1  | Reached skill level 24 in Conjurations
102023 | Crypt:2  | Noticed Margery
102030 | Crypt:2  | Killed Margery
102033 | Crypt:2  | Noticed Frederick
102271 | Crypt:1  | Paralysed by a vampire knight for 7 turns
102698 | Crypt:2  | Killed Frederick
102698 | Crypt:2  | Reached skill level 12 in Fighting
103619 | Crypt:3  | Entered Level 3 of the Crypt
103683 | Crypt:3  | Reached skill level 15 in Dodging
104047 | Crypt:3  | Noticed a greater mummy
104048 | Crypt:3  | Noticed Khufu
104049 | Crypt:3  | Killed a greater mummy
104050 | Crypt:3  | Noticed a greater mummy
104051 | Crypt:3  | Killed Khufu
104066 | Crypt:3  | Killed a greater mummy
105194 | Crypt:3  | Got a coiled ivory ring
105209 | Crypt:3  | Identified the ring "Geehelus" {rN+ MR+} (You took it off a vampire knight on level 3 of the Crypt)
105726 | Crypt:3  | Reached XP level 27. HP: 155/155 MP: 46/56
105826 | Crypt:3  | Got a pitted tin ring
105827 | Crypt:3  | Identified the ring of the Enemy {rN+ Slay+2} (You took it off a skeletal warrior on level 3 of the Crypt)
105847 | Crypt:3  | Reached skill level 16 in Dodging
106169 | Crypt:3  | Got a brightly glowing platinum ring
106169 | Crypt:3  | Got an ivory quarterstaff {crush}
106170 | Crypt:3  | Identified the cursed ring of the Tempest {rC+ EV-2 Str+2} (You took it off a vampire knight on level 3 of the Crypt)
106171 | Crypt:3  | Identified the +3 quarterstaff "Arcanum" {crush, rF+ rC+ rN+} (You took it off a skeletal warrior on level 3 of the Crypt)
106203 | Crypt:3  | Found a basalt altar of Yredelemnul.
106417 | Crypt:3  | Noticed an ancient lich
106418 | Crypt:3  | Killed an ancient lich
106418 | Crypt:3  | Reached skill level 13 in Fighting
106643 | Crypt:3  | Identified the Catalogue of the Loofah
106657 | Crypt:3  | Identified the Compendium of Evil Arts
107255 | Crypt:3  | Found a staircase to the Tomb.
107262 | Tomb:1   | Entered Level 1 of the Tomb of the Ancients
107279 | Tomb:1   | Learned a level 6 spell: Deflect Missiles
107487 | Tomb:1   | Reached skill level 24 in Fire Magic
108560 | Tomb:1   | Noticed an ancient lich
108566 | Tomb:1   | Killed an ancient lich
108620 | Tomb:1   | Noticed a greater mummy
108622 | Tomb:1   | Killed a greater mummy
108622 | Tomb:1   | Reached skill level 25 in Conjurations
108868 | Tomb:1   | Reached skill level 17 in Dodging
109300 | Tomb:2   | Noticed a greater mummy
109300 | Tomb:2   | Noticed a greater mummy
109301 | Tomb:2   | Noticed a greater mummy
109301 | Tomb:2   | Noticed a greater mummy
109958 | Vaults:4 | durr
109963 | Vaults:5 | Killed an ancient lich
111071 | Vaults:5 | Reached skill level 14 in Fighting
111380 | Vaults:5 | Found Yffoth's Distillery.
111386 | Vaults:5 | Bought a potion of heal wounds for 60 gold pieces
111386 | Vaults:5 | Bought a potion of haste for 120 gold pieces
111386 | Vaults:5 | Bought a potion of invisibility for 96 gold pieces
111386 | Vaults:5 | Bought a potion of haste for 120 gold pieces
111386 | Vaults:5 | Bought a potion of magic for 96 gold pieces
111616 | Vaults:5 | Got a silver rune of Zot
111962 | Vaults:4 | Reached skill level 18 in Dodging
112307 | Slime:1  | Entered Level 1 of the Pits of Slime
113273 | Slime:5  | Entered Level 5 of the Pits of Slime
113416 | Slime:5  | Noticed the Royal Jelly
114235 | Slime:5  | Found a viscous altar of Jiyva.
114365 | Slime:5  | Killed the Royal Jelly
114365 | Slime:5  | Reached skill level 25 in Fire Magic
114551 | Slime:5  | Got a smoking zirconium amulet
114552 | Slime:5  | Identified the amulet of Qazlal's Envy {Reflect *Corrode rPois Str+3 Dex+4 SH+4} (You found it on level 5 of the Pits of Slime)
114579 | Slime:5  | Got a distressingly furry crystal plate armour
114580 | Slime:5  | Identified the +3 crystal plate armour of Summer {rN+ rCorr} (You found it on level 5 of the Pits of Slime)
114589 | Slime:5  | Got an iridescent hand crossbow
114592 | Slime:5  | Got a slimy rune of Zot
114605 | Slime:5  | Got a vibrating marble ring
114606 | Slime:5  | Identified the ring of Nixt {rElec rPois rF+ rN+ Stlth+} (You found it on level 5 of the Pits of Slime)
115029 | Depths:2 | Learned a level 9 spell: Glaciate
115093 | Zot:1    | Entered Level 1 of the Realm of Zot
115100 | Depths:5 | Reached skill level 1 in Ice Magic
115198 | Zot:1    | Reached skill level 2 in Ice Magic
115198 | Zot:1    | Reached skill level 8 in Invocations
115432 | Zot:1    | Reached skill level 3 in Ice Magic
115437 | Zot:1    | Reached skill level 26 in Conjurations
115531 | Zot:1    | Reached skill level 9 in Invocations
115554 | Zot:1    | Reached skill level 4 in Ice Magic
115915 | Zot:1    | Reached skill level 10 in Invocations
116222 | Zot:1    | Reached skill level 5 in Ice Magic
116236 | Zot:1    | Reached skill level 11 in Invocations
116634 | Zot:1    | Reached skill level 6 in Ice Magic
117209 | Zot:1    | Reached skill level 12 in Invocations
117509 | Zot:2    | Reached skill level 7 in Ice Magic
117681 | Zot:2    | Reached skill level 13 in Invocations
117683 | Zot:2    | Reached skill level 8 in Ice Magic
118700 | Zot:3    | Reached skill level 14 in Invocations
118710 | Zot:3    | Reached skill level 9 in Ice Magic
118937 | Zot:3    | Reached skill level 15 in Invocations
119176 | Zot:3    | Reached skill level 10 in Ice Magic
119414 | Zot:3    | Reached skill level 27 in Conjurations
119680 | Zot:3    | Reached skill level 11 in Ice Magic
119688 | Zot:3    | Noticed an orb of fire
120020 | Zot:3    | Reached skill level 12 in Ice Magic
120367 | Zot:3    | Reached skill level 13 in Ice Magic
120689 | Zot:3    | Identified the Reference Book on Arcane Weapons and Calling
120879 | Zot:3    | Reached skill level 19 in Dodging
120888 | Zot:3    | Reached skill level 14 in Ice Magic
121486 | Zot:4    | Reached skill level 20 in Dodging
121718 | Zot:4    | Noticed an orb of fire
121720 | Zot:4    | Killed an orb of fire
121833 | Zot:4    | Reached skill level 15 in Ice Magic
122317 | Zot:4    | Reached skill level 21 in Dodging
122552 | Zot:4    | ???
122777 | Zot:4    | Noticed an orb of fire
122785 | Zot:4    | Killed an orb of fire
122962 | Zot:5    | Entered Level 5 of the Realm of Zot
123076 | Zot:5    | ??????
123083 | Zot:5    | HP: 39/158 [death cob (25)]
123100 | Zot:5    | Reached skill level 22 in Dodging
123338 | Zot:5    | Noticed an ancient lich
123343 | Zot:5    | Killed an ancient lich
123343 | Zot:5    | Reached skill level 16 in Ice Magic
124023 | Zot:5    | Noticed an orb of fire
124025 | Zot:5    | Killed an orb of fire
124202 | Zot:5    | Reached skill level 17 in Ice Magic
124647 | Zot:5    | Got a fine trident {pain}
124649 | Zot:5    | Identified the +9 trident "Miron" {pain, rC+} (You took it off a draconian knight on level 5 of the Realm of Zot)
124758 | Zot:5    | Noticed an orb of fire
124761 | Zot:5    | Killed an orb of fire
124761 | Zot:5    | Reached skill level 18 in Ice Magic
124783 | Zot:5    | Noticed an orb of fire
124783 | Zot:5    | Gained mutation: You tend to lose your temper in combat. [an orb of fire]
124786 | Zot:5    | Gained mutation: Your magical capacity is low. (-10% MP) [an orb of fire]
124786 | Zot:5    | Gained mutation: Your magical capacity is very low. (-20% MP) [an orb of fire]
124787 | Zot:5    | Killed an orb of fire
124803 | Zot:5    | Lost mutation: You tend to lose your temper in combat. [potion of cure mutation]
124803 | Zot:5    | Lost mutation: Your muscles are strong. (Str +2) [potion of cure mutation]
124803 | Zot:5    | Lost mutation: Your magical capacity is very low. (-20% MP) [potion of cure mutation]
124803 | Zot:5    | Lost mutation: Your magical capacity is low. (-10% MP) [potion of cure mutation]
125151 | Zot:5    | Noticed an orb of fire
125153 | Zot:5    | Killed an orb of fire
125343 | Zot:5    | Reached skill level 19 in Ice Magic
125565 | Zot:5    | Noticed an orb of fire
125570 | Zot:5    | Killed an orb of fire
125582 | Zot:5    | Noticed an ancient lich
125583 | Zot:5    | Killed an ancient lich
125792 | Zot:5    | Noticed an orb of fire
125794 | Zot:5    | Killed an ancient lich
125794 | Zot:5    | Reached skill level 20 in Ice Magic
125796 | Zot:5    | Killed an orb of fire
125802 | Zot:5    | Noticed an ancient lich
125803 | Zot:5    | Killed an ancient lich
126105 | Zot:5    | Reached skill level 21 in Ice Magic
126107 | Zot:5    | Noticed an ancient lich
126107 | Zot:5    | Killed an ancient lich
126116 | Zot:5    | Noticed an ancient lich
126117 | Zot:5    | Killed an ancient lich
126262 | Zot:5    | Learned a level 1 spell: Apportation
126534 | Pan      | Entered Pandemonium
126546 | Pan      | Noticed Soclu the pandemonium lord
126548 | Pan      | Killed Soclu the pandemonium lord
126707 | Pan      | Reached skill level 15 in Fighting
126844 | Pan      | Found an exit through the horrors of the Abyss.
127943 | Pan      | Reached skill level 22 in Ice Magic
129647 | Pan      | Found an exit through the horrors of the Abyss.
129785 | Pan      | Noticed Vidduebarr the pandemonium lord
129788 | Pan      | Killed Vidduebarr the pandemonium lord
129788 | Pan      | Reached skill level 16 in Fighting
130211 | Pan      | Found an exit through the horrors of the Abyss.
131093 | Pan      | Reached skill level 23 in Ice Magic
131250 | Pan      | Reached skill level 26 in Fire Magic
131257 | Pan      | HP: 40/163 [daeva/divine providence (16)]
131260 | Pan      | Found a white marble altar of Elyvilon.
131780 | Pan      | Noticed a pearl dragon
131780 | Pan      | Killed a pearl dragon
132053 | Pan      | Found a glowing silver altar of Zin.
132859 | Pan      | Killed a seraph
133202 | Pan      | Reached skill level 17 in Fighting
133379 | Pan      | Found a glowing golden altar of the Shining One.
133399 | Pan      | Got a demonic rune of Zot
133443 | Pan      | Got an ichor-stained scale mail
134790 | Pan      | Reached skill level 24 in Ice Magic
135056 | Pan      | Noticed a pearl dragon
135062 | Pan      | Killed a pearl dragon
135458 | Pan      | Found an exit through the horrors of the Abyss.
135957 | Pan      | Reached skill level 27 in Fire Magic
135969 | Pan      | Noticed Iludekh the pandemonium lord
135971 | Pan      | Killed Iludekh the pandemonium lord
136403 | Pan      | Reached skill level 18 in Fighting
136730 | Pan      | Gained mutation: You are surrounded by a mild repulsion field. (EV +2) [a neqoxec]
137470 | Pan      | Noticed Beggoum the pandemonium lord
137472 | Pan      | Killed Beggoum the pandemonium lord
137668 | Pan      | Found an exit through the horrors of the Abyss.
137678 | Pan      | HP: 14/175 [Hell Sentinel/damnation (54)]
137678 | Pan      | Killed from afar by a smoke demon

Vault maps used:
D:1:      minmay_arrival_checkered_box, minmay_statues_item
D:2:      first_bread, uniq_crazy_yiuf_cottage
D:5:      basic_altar
D:6:      minmay_temple_entry_statues_fountains
D:8:      cheibrodos_two_vegetables, serial_shops, shop, lemuel_tele_altar
D:9:      grunt_lair_entry_orc_guard_hut, special_room, blue_anna_alchemist,
          minmay_misc_feat_rows
D:10:     zombieorc1_lemuel
D:12:     nicolae_trove_entry_free_sample, uniq_rupert, uniq_harold
D:13:     minmay_wavy_crystal, serial_shops, shop, nicolae_shop_stone, shop,
          uniq_kirke
D:14:     david_vaults_2, serial_shops, shop_fountains, shop,
          nicolae_shop_statue_plus, shop, shop_statue, kennysheep_small_spiral
D:15:     gammafunk_depths_entry_grave, minivault_28, uniq_sonja
Temple:   kilobyte_greek_temple
Lair:1:   lab_entry_generic, infiniplex_staircase_pool_2,
          minmay_lair_oklob_chamber, grunt_megastairs_3, serial_bayou_shore_b,
          serial_bayou_shore_a
Lair:2:   st_stairs_6, wad_woods_road_03
Lair:3:   elwin_shoals_entry_rooms, spider_nest_entry_a, basic_altar,
          lemuel_fruit_tree, uniq_nergalle
Lair:4:   portal_ice_cave_entry_ice_beasts, guppyfry_lair_drakes, uniq_urug
Lair:5:   slime_altar_2, bobbens_dragon_lair_wall
Lair:6:   cheibrodos_lair_end_hotspot
Shoals:2: nicolae_shoals_drake_roost
Shoals:4: shoals_end_grunt_garden, shoals_ilsuiw_ice, uniq_bai_suzhen
Spider:1: uniq_donald
Spider:4: grunt_spider_rune_island, worms_lemuel
Slime:1:  cheibrodos_slime_lost_civilization_7
Slime:2:  nicolae_slime_barrier
Orc:1:    uniq_fannar
Orc:2:    st_orc_elflike
Elf:1:    kennysheep_six_static_rooms, minmay_elf_necromancy,
          small_chamber_with_monster, onia_ninara_cookie, uniq_asterion
Elf:2:    serial_shops, nicolae_shop_waterfront, infiniplex_enter_wizlab_water,
          patterned_corridor
Elf:3:    minmay_elf_hall_not_hex
Vaults:1: v_rooms_3, st_octagons_2, ontoclasm_vaults_shuriken, v_misc_32,
          nicolae_vaults_big_angled_halls, hangedman_vaults_slice,
          hangedman_vaults_locks, nicolae_vaults_yaktaur_gun_rack,
          ontoclasm_vaults_twist, nicolae_vaults_little_squares_5,
          hangedman_vaults_slice, vaults_room_hallway, vaults_room_pools,
          serial_shops, shop
Vaults:2: vaults_room_large_hall, hangedman_vaults_corner,
          hangedman_vaults_capsules, blue_anna_dwarven_crypt,
          nicolae_vaults_puzzle_piece, grunt_vaults_diagonal,
          ontoclasm_vaults_misaligned, vaults_room_door_hall, v_pattern_3,
          v_alt_pattern_2, nicolae_vaults_little_ls, vaults_room_stairs_pillars,
          uniq_mennas
Vaults:3: hangedman_vaults_stretched_pinwheel, vaults_room_door_ring,
          v_pattern_5, vaults_dpeg_cross, vaults_room_large_hall, v_rooms_6,
          v_misc_26, uniq_jory, uniq_saint_roka
Vaults:4: nicolae_vaults_big_ls, v_misc_1, ontoclasm_vaults_chip,
          vaults_room_pools, vaults_room_ringed_pool, v_misc_23, st_star,
          v_misc_17, nicolae_vaults_specimen_jars,
          ontoclasm_vaults_decontamination, vaults_dpeg_diagonal, uniq_sojobo
Vaults:5: serial_shops
Crypt:1:  grunt_crypt_arrival_guarded_gate, uniq_mara, uniq_boris
Crypt:2:  uniq_frederick, uniq_margery
Crypt:3:  church_of_pain_bobbens, tomb_entry_sphere_bobbens, weyrava_lich_vault,
          uniq_khufu
Depths:1: kennysheep_large_spiral, serial_bayou_pond_e, hell_entry,
          kennysheep_underground_church, grunt_megastairs_4
Depths:2: hangedman_crystal_crosses_colossus, pan_entry, hell_entry
Depths:3: minmay_skeleton_keep, hell_entry, pan_entry, abyss_entry,
          minmay_staircase_bubble, minmay_shoptagon, uniq_jorgrun
Depths:4: minmay_three_patterns, abyss_entry, hell_entry,
          roderic_lattice_octagonal_star, infiniplex_staircase_trident
Depths:5: evilmike_zot_entry_basic, nemelex_xobeh_ov_fountains_minmay,
          grunt_hell_horde, serial_shops, shop, roderic_bipointed_swastika,
          minmay_shop_star
Zot:1:    grunt_megastairs_2
Zot:2:    bh_zot_levy_curve, hangedman_spider_trapstep
Zot:3:    stair_cage_open, st_stairs_9, grunt_ministairs_9,
          st_large_dragon_hoard_2
Zot:4:    grunt_zot_stairs_overgrown
Pan:      evilmike_mini_pan_doors, evilmike_mini_pan_doors_b,
          nicolae_pan_sigil_itan, evilmike_mini_pan_possible_glass,
          evilmike_holy_pan, lemuel_hall_of_pain, rand_demon_1,
          evilmike_mini_pan_T, pan_blood_fountain, evilmike_mini_pan_diamond,
          pan_blood_fountain_small, nicolae_pan_mnolegish_3,
          grunt_pan_pentagram, rand_demon_3, pan_blood_fountain_small,
          regret_index_pan_draining_boxed, nicolae_pan_sigil_itan,
          nicolae_pan_lom_lobonic_4
Lab:      nicolae_lab_statue, lab_statue
WizLab:   wizlab_cloud

Skill      XL: |  1  2  3  4  5  6  7  8  9 10 11 12 13 14 15 16 17 18 19 20 21 22 23 24 25 26 27 |
---------------+----------------------------------------------------------------------------------+-----
Conjurations   | 2 3 4 5 7 8 9 11 12 13 14 15 16 17 18 19 20 21 23 24 27 | 27.0
Spellcasting   | 4 6 7 8 10 12 13 14 15 17 18 19 20 21 22 24 25 26 27 | 27.0
Fire Magic     | 4 5 6 7 9 10 11 12 13 14 15 17 18 20 21 22 23 27 | 27.0
Fighting       | 1 2 3 4 5 6 7 9 10 11 12 18 | 18.3
Dodging        | 4 5 6 7 8 9 11 13 15 22 | 22.8
Evocations     | 1 2 |  2.8
Invocations    | 1 4 6 7 15 | 15.5
Charms         | 4 |  4.8
Shields        | 6 9 10 11 12 13 14 16 | 16.0
Armour         | 3 4 |  4.6
Ice Magic      | 24 | 24.9
Stealth        | |  2.4

Action                   |  1- 3 |  4- 6 |  7- 9 | 10-12 | 13-15 | 16-18 | 19-21 | 22-24 | 25-27 || total
-------------------------+-------+-------+-------+-------+-------+-------+-------+-------+-------++-------
Melee: Dagger            |    13 |       |       |       |     2 |    45 |    18 |    95 |       ||   173
       Mace              |       |     2 |   116 |    21 |       |       |       |       |       ||   139
       Staff             |       |       |       |       |    34 |       |     3 |     1 |     3 ||    41
       Demon blade       |       |       |       |       |       |       |       |       |    23 ||    23
Throw: Throwing net      |       |       |       |       |     1 |     2 |     6 |     1 |       ||    10
 Cast: Flame Tongue      |    75 |   124 |    44 |     7 |     6 |       |       |       |       ||   256
       Conjure Flame     |       |     2 |     5 |    13 |       |       |       |       |       ||    20
       Throw Flame       |       |       |   217 |   247 |   462 |   510 |    15 |     6 |     8 ||  1465
       Sticky Flame      |       |       |    21 |    52 |    75 |    99 |     5 |    10 |     6 ||   268
       Fireball          |       |       |       |   117 |   241 |   236 |    54 |    38 |     2 ||   688
       Iskenderun's Myst |       |       |       |     5 |    38 |    61 |    77 |    38 |    44 ||   263
       Iskenderun's Batt |       |       |       |    17 |   102 |   156 |    70 |    33 |    29 ||   407
       Bolt of Fire      |       |       |       |       |       |    71 |   499 |   562 |   903 ||  2035
       Repel Missiles    |       |       |       |       |       |       |     1 |     4 |     6 ||    11
       Fire Storm        |       |       |       |       |       |       |       |    30 |   412 ||   442
       Regeneration      |       |       |       |       |       |       |       |     9 |    37 ||    46
       Orb of Destructio |       |       |       |       |       |       |       |     1 |    70 ||    71
       Blink             |       |       |       |       |       |       |       |     3 |     7 ||    10
       Glaciate          |       |       |       |       |       |       |       |       |    85 ||    85
       Apportation       |       |       |       |       |       |       |       |       |     1 ||     1
Evoke: Staff of energy   |       |       |       |     7 |    20 |     2 |       |       |       ||    29
       Wand              |       |       |       |       |     1 |     1 |     1 |       |     3 ||     6
       Sack of spiders   |       |       |       |       |       |       |       |     3 |       ||     3
  Use: Scroll            |       |       |     5 |     8 |    25 |    21 |    19 |    12 |    23 ||   113
       Potion            |       |       |     1 |       |     2 |    11 |     9 |    37 |    16 ||    76
 Stab: Paralysed         |       |       |     1 |     1 |     2 |     7 |     3 |     3 |       ||    17
       Invisible         |       |       |       |       |       |     4 |       |       |       ||     4
  Eat: Chunk             |     3 |     7 |    12 |    12 |    35 |    16 |    34 |    31 |    20 ||   170
       Fruit             |       |       |     3 |     5 |    21 |    15 |     8 |     5 |    12 ||    69
       Royal jelly       |       |       |     4 |     1 |     2 |     3 |     1 |     1 |     8 ||    20
       Bread ration      |       |       |       |     4 |     1 |     5 |     2 |     4 |    19 ||    35
Armor: Robe              |     9 |     9 |    21 |    13 |       |       |       |       |       ||    52
       Steam dragon scal |       |       |       |       |    26 |       |       |       |       ||    26
       Leather armour    |       |       |       |       |    18 |    97 |    31 |    70 |    34 ||   250
Dodge: Dodged            |    25 |    27 |   169 |    89 |   147 |   231 |    74 |   216 |   202 ||  1180
       Deflected         |       |       |       |       |       |       |     4 |    16 |    19 ||    39
Block: Shield            |       |       |       |    14 |   160 |   333 |   105 |   328 |   221 ||  1161
       Rpst.: Demon blade |       |       |       |       |       |       |       |       |     5 ||     5

Vault maps used:
D:1:      minmay_arrival_checkered_box, minmay_statues_item
D:2:      first_bread, uniq_crazy_yiuf_cottage
D:5:      basic_altar
D:6:      minmay_temple_entry_statues_fountains
D:8:      cheibrodos_two_vegetables, serial_shops, shop, lemuel_tele_altar
D:9:      grunt_lair_entry_orc_guard_hut, special_room, blue_anna_alchemist,
          minmay_misc_feat_rows
D:10:     zombieorc1_lemuel
D:12:     nicolae_trove_entry_free_sample, uniq_rupert, uniq_harold
D:13:     minmay_wavy_crystal, serial_shops, shop, nicolae_shop_stone, shop,
          uniq_kirke
D:14:     david_vaults_2, serial_shops, shop_fountains, shop,
          nicolae_shop_statue_plus, shop, shop_statue, kennysheep_small_spiral
D:15:     gammafunk_depths_entry_grave, minivault_28, uniq_sonja
Temple:   kilobyte_greek_temple
Lair:1:   lab_entry_generic, infiniplex_staircase_pool_2,
          minmay_lair_oklob_chamber, grunt_megastairs_3, serial_bayou_shore_b,
          serial_bayou_shore_a
Lair:2:   st_stairs_6, wad_woods_road_03
Lair:3:   elwin_shoals_entry_rooms, spider_nest_entry_a, basic_altar,
          lemuel_fruit_tree, uniq_nergalle
Lair:4:   portal_ice_cave_entry_ice_beasts, guppyfry_lair_drakes, uniq_urug
Lair:5:   slime_altar_2, bobbens_dragon_lair_wall
Lair:6:   cheibrodos_lair_end_hotspot
Shoals:2: nicolae_shoals_drake_roost
Shoals:4: shoals_end_grunt_garden, shoals_ilsuiw_ice, uniq_bai_suzhen
Spider:1: uniq_donald
Spider:4: grunt_spider_rune_island, worms_lemuel
Slime:1:  cheibrodos_slime_lost_civilization_7
Slime:2:  nicolae_slime_barrier
Orc:1:    uniq_fannar
Orc:2:    st_orc_elflike
Elf:1:    kennysheep_six_static_rooms, minmay_elf_necromancy,
          small_chamber_with_monster, onia_ninara_cookie, uniq_asterion
Elf:2:    serial_shops, nicolae_shop_waterfront, infiniplex_enter_wizlab_water,
          patterned_corridor
Elf:3:    minmay_elf_hall_not_hex
Vaults:1: v_rooms_3, st_octagons_2, ontoclasm_vaults_shuriken, v_misc_32,
          nicolae_vaults_big_angled_halls, hangedman_vaults_slice,
          hangedman_vaults_locks, nicolae_vaults_yaktaur_gun_rack,
          ontoclasm_vaults_twist, nicolae_vaults_little_squares_5,
          hangedman_vaults_slice, vaults_room_hallway, vaults_room_pools,
          serial_shops, shop
Vaults:2: vaults_room_large_hall, hangedman_vaults_corner,
          hangedman_vaults_capsules, blue_anna_dwarven_crypt,
          nicolae_vaults_puzzle_piece, grunt_vaults_diagonal,
          ontoclasm_vaults_misaligned, vaults_room_door_hall, v_pattern_3,
          v_alt_pattern_2, nicolae_vaults_little_ls, vaults_room_stairs_pillars,
          uniq_mennas
Vaults:3: hangedman_vaults_stretched_pinwheel, vaults_room_door_ring,
          v_pattern_5, vaults_dpeg_cross, vaults_room_large_hall, v_rooms_6,
          v_misc_26, uniq_jory, uniq_saint_roka
Vaults:4: nicolae_vaults_big_ls, v_misc_1, ontoclasm_vaults_chip,
          vaults_room_pools, vaults_room_ringed_pool, v_misc_23, st_star,
          v_misc_17, nicolae_vaults_specimen_jars,
          ontoclasm_vaults_decontamination, vaults_dpeg_diagonal, uniq_sojobo
Vaults:5: serial_shops
Crypt:1:  grunt_crypt_arrival_guarded_gate, uniq_mara, uniq_boris
Crypt:2:  uniq_frederick, uniq_margery
Crypt:3:  church_of_pain_bobbens, tomb_entry_sphere_bobbens, weyrava_lich_vault,
          uniq_khufu
Depths:1: kennysheep_large_spiral, serial_bayou_pond_e, hell_entry,
          kennysheep_underground_church, grunt_megastairs_4
Depths:2: hangedman_crystal_crosses_colossus, pan_entry, hell_entry
Depths:3: minmay_skeleton_keep, hell_entry, pan_entry, abyss_entry,
          minmay_staircase_bubble, minmay_shoptagon, uniq_jorgrun
Depths:4: minmay_three_patterns, abyss_entry, hell_entry,
          roderic_lattice_octagonal_star, infiniplex_staircase_trident
Depths:5: evilmike_zot_entry_basic, nemelex_xobeh_ov_fountains_minmay,
          grunt_hell_horde, serial_shops, shop, roderic_bipointed_swastika,
          minmay_shop_star
Zot:1:    grunt_megastairs_2
Zot:2:    bh_zot_levy_curve, hangedman_spider_trapstep
Zot:3:    stair_cage_open, st_stairs_9, grunt_ministairs_9,
          st_large_dragon_hoard_2
Zot:4:    grunt_zot_stairs_overgrown
Pan:      evilmike_mini_pan_doors, evilmike_mini_pan_doors_b,
          nicolae_pan_sigil_itan, evilmike_mini_pan_possible_glass,
          evilmike_holy_pan, lemuel_hall_of_pain, rand_demon_1,
          evilmike_mini_pan_T, pan_blood_fountain, evilmike_mini_pan_diamond,
          pan_blood_fountain_small, nicolae_pan_mnolegish_3,
          grunt_pan_pentagram, rand_demon_3, pan_blood_fountain_small,
          regret_index_pan_draining_boxed, nicolae_pan_sigil_itan,
          nicolae_pan_lom_lobonic_4
Lab:      nicolae_lab_statue, lab_statue
WizLab:   wizlab_cloud

Table legend:
 A = Turns spent in this place as a percentage of turns spent in the entire game.
 B = Non-inter-level travel turns spent in this place as a percentage of non-inter-level travel turns spent in the entire game.
 C = Inter-level travel turns spent in this place as a percentage of turns spent in this place.
 D = Turns resting spent in this place as a percentage of non-inter-level travel turns spent in this place.
 E = Turns spent auto-exploring this place as a percentage of non-inter-level travel turns spent in this place.
 F = Non-inter-level travel turns spent in this place divided by the number of levels of this place that you've seen.
                   A       B       C       D       E      F
               +-------+-------+-------+-------+-------+----------------------
         Total | 100.0 | 100.0 |   0.8 |  15.1 |   7.3 | 364.7
       Dungeon |  18.8 |  18.8 |   1.1 |  10.9 |   8.3 | 337.4
        Temple |   0.1 |   0.1 |   5.9 |   0.0 |   6.2 |  16.0
          Lair |  11.2 |  11.2 |   1.1 |  11.8 |   5.7 | 502.0
        Shoals |   5.9 |   5.9 |   0.6 |  15.6 |   6.5 | 400.5
   Spider Nest |   8.4 |   8.4 |   0.9 |  17.0 |   4.5 | 568.0
    Slime Pits |   2.2 |   2.2 |   0.2 |  15.6 |   1.7 | 116.8
  Orcish Mines |   2.4 |   2.4 |   1.8 |  10.7 |   5.5 | 319.0
   Elven Halls |   4.5 |   4.5 |   0.5 |  14.0 |   9.2 | 403.7
        Vaults |  13.4 |  13.4 |   0.6 |  12.9 |   8.1 | 724.2
         Crypt |   3.7 |   3.7 |   0.8 |  25.5 |  10.1 | 332.3
          Tomb |   1.3 |   1.3 |   1.1 |  29.1 |   6.6 | 175.0
        Depths |   8.7 |   8.6 |   0.9 |  19.8 |   9.6 | 466.8
           Zot |   6.6 |   6.6 |   0.6 |  17.9 |  10.3 | 355.6
         Abyss |   2.2 |   2.2 |   0.0 |   6.1 |   0.0 | 586.0
   Pandemonium |   9.2 |   9.3 |   0.0 |  20.6 |   6.9 | 228.1
     Labyrinth |   0.7 |   0.7 |   0.0 |   2.2 |   0.0 | 180.0
        Wizlab |   0.9 |   0.9 |   0.0 |  21.2 |   8.8 | 240.0
               +-------+-------+-------+-------+-------+----------------------

Table legend:
 A = Kills in this place as a percentage of kills in entire the game.
 B = Kills by you in this place as a percentage of kills by you in the entire game.
 C = Kills by friends in this place as a percentage of kills by friends in the entire game.
 D = Other kills in this place as a percentage of other kills in the entire game.
 E = Experience gained in this place as a percentage of experience gained in the entire game.
 F = Experience gained in this place divided by the number of levels of this place that you have seen.
                   A       B       C       D       E      F
               +-------+-------+-------+-------+-------+----------------------
         Total | 100.0 | 100.0 | 100.0 |  -nan | 100.0 | 38108.9
       Dungeon |  16.3 |  16.5 |   0.0 |  -nan |   3.4 | 6485.6
          Lair |   6.5 |   6.5 |   0.0 |  -nan |   2.6 | 12118.7
        Shoals |   5.0 |   5.1 |   0.0 |  -nan |   3.8 | 26465.8
   Spider Nest |   7.5 |   7.6 |   0.0 |  -nan |   4.0 | 28286.0
    Slime Pits |   2.8 |   2.7 |  11.6 |  -nan |   3.2 | 17968.2
  Orcish Mines |   2.3 |   2.3 |   0.0 |  -nan |   0.6 | 8519.0
   Elven Halls |   4.3 |   4.3 |   0.0 |  -nan |   4.3 | 40185.0
        Vaults |  16.1 |  16.1 |  16.3 |  -nan |  16.7 | 93944.0
         Crypt |   5.6 |   5.5 |  20.9 |  -nan |   7.2 | 67412.0
          Tomb |   2.2 |   2.1 |  14.0 |  -nan |   2.4 | 33861.5
        Depths |  10.6 |  10.6 |   7.0 |  -nan |  14.0 | 79148.8
           Zot |   6.8 |   6.7 |  16.3 |  -nan |  20.3 | 114263.8
         Abyss |   1.7 |   1.7 |   0.0 |  -nan |   0.7 | 20288.0
   Pandemonium |  11.1 |  11.0 |  14.0 |  -nan |  16.3 | 41822.4
     Labyrinth |   0.0 |   0.0 |   0.0 |  -nan |   0.0 | 1051.0
        Wizlab |   1.2 |   1.2 |   0.0 |  -nan |   0.5 | 15497.0
               +-------+-------+-------+-------+-------+----------------------
